 Dungeon Crawl Stone Soup version 0.29.1-1-gd02db6906a (webtiles) character file.

Game seed: 5246926771055064944

4150 Icepheonix32 the Fighter (level 10, -6/100 HPs)
             Began as a Minotaur Fighter on Sept 20, 2022.
             Mangled by a two-headed ogre
             ... wielding a +0 giant club
              (14 damage)
             ... on level 7 of the Dungeon.
             The game lasted 00:10:48 (8500 turns).

Icepheonix32 the Fighter (Minotaur Fighter)         Turns: 8500, Time: 00:10:48

Health: -6/100     AC: 11    Str: 23 (26) XL:     10   Next: 7%
Magic:  9/9        EV: 11    Int:  4 (5)  God:
Gold:   321        SH:  5    Dex: 12 (15) Spells: 9/9 levels left

rFire   . . .      SeeInvis .   t - +5 long sword
rCold   . . .      Faith    .   c - +0 buckler
rNeg    . . .      Spirit   .   b - +0 scale mail
rPois   .          Reflect  .   (helmet unavailable)
rElec   .          Harm     .   (no cloak)
rCorr   .          Rampage  .   f - +1 pair of gloves
Will    .....                   (no boots)
Stlth   ..........              (no amulet)
HPRegen 0.26/turn               l - +4 ring of protection
MPRegen 0.11/turn               n - +6 ring of dexterity

@: brilliant, hasted, very quick
A: horns 3, retaliatory headbutt, deformed body, robust 1
a: no special abilities


You were on level 7 of the Dungeon.
You visited 2 branches of the dungeon, and saw 8 of its levels.
You also visited: Sewer.

You collected 321 gold pieces.

Inventory:

Hand Weapons
 a - a +1 war axe
 d - a +2 mace
 t - a +5 long sword (weapon)
 D - a +2 vorpal spear
Missiles
 o - 4 boomerangs (quivered)
 F - 3 silver boomerangs
Armour
 b - a +0 scale mail (worn)
 c - a +0 buckler (worn)
 f - a +1 pair of gloves (worn)
 y - a +0 chain mail
Jewellery
 l - a +4 ring of protection (left hand)
 n - a +6 ring of dexterity (right hand)
 B - a ring of ice
Wands
 p - a wand of iceblast (6)
 G - a wand of polymorph (4)
Scrolls
 e - 3 scrolls of amnesia
 h - a scroll of butterflies
 i - a scroll of teleportation
 j - 3 scrolls of magic mapping
 s - 5 scrolls of enchant weapon
 E - a scroll of fear
Potions
 k - a potion of brilliance
 m - a potion of cancellation
 q - a potion of magic
 w - a potion of resistance
 x - 3 potions of curing
 z - 2 potions of heal wounds
 A - a potion of lignification


   Skills:
 * Level 9.1 Fighting
 + Level 6.3 Long Blades
 - Level 9.0 Axes
 + Level 2.2 Throwing
 + Level 8.2 Armour
 + Level 4.2 Dodging
 + Level 1.1 Stealth
 + Level 6.4 Shields


You had 9 spell levels left.
You didn't know any spells.
Your spell library contained the following spells:

 Spells                   Type           Power      Damage    Failure   Level
 Sandblast                Erth           0%         2d4       85%         1
 Sting                    Tmut/Pois      0%         1d3       85%         1
 Passwall                 Tmut/Erth      0%         N/A       94%         2
 Poisonous Vapours        Pois/Air       0%         N/A       94%         2
 Scorch                   Fire           0%         2d5       94%         2
 Conjure Flame            Conj/Fire      0%         6-21      99%         3
 Ignite Poison            Fire/Tmut/Pois 0%         N/A       99%         3
 Stone Arrow              Conj/Erth      0%         3d7       99%         3
 Flame Wave               Conj/Fire      0%         2d4       100%        4
 Olgreb's Toxic Radiance  Pois           0%         N/A       100%        4
 Sticky Flame             Conj/Fire      0%         2d3       100%        4
 Summon Cactus Giant      Summ           0%         N/A       100%        6
 Malign Gateway           Summ/Tloc      0%         N/A       100%        7
 Summon Horrible Things   Summ           0%         N/A       100%        8


Dungeon Overview and Level Annotations

Branches:
Dungeon (7/15)             Temple (1/1) D:4           Sewer (visited)

Altars:
Ashenzari
Cheibriados
Elyvilon
Fedhas
Gozag
Hepliaklqana
Kikubaaqudgha
Makhleb
Nemelex Xobeh
Qazlal
Ru
Sif Muna
Trog
Vehumet
Wu Jian
Xom
Yredelemnul
Zin
The Shining One

Annotations:
D:3 3 runed translucent doors, LordHaari's ghost, amateur MfTm
D:5 2 transporters, TheBeaver's ghost, weakling DsDe


Innate Abilities, Weirdness & Mutations

You have a pair of large horns on your head.
You reflexively headbutt those who attack you in melee.
Armour fits poorly on your strangely shaped body.
You are robust. (+10% HP)


Message History

You feel extremely strange.
You no longer feel a malignance within.
Your magical essence no longer links to wands of the dungeon.
The horns on your head grow some more.
Your body twists and deforms.
You feel robust.
Okay, then.
It was a potion of haste.
You feel yourself speed up.
It was a potion of curing.
You feel better.
It was a potion of heal wounds.
You feel much better.
It was a potion of degeneration.
There was something very wrong with that liquid.
You feel weakened.
You feel dopey.
You feel clumsy.
Unknown command.
Items here: ††††.
A two-headed ogre is nearby!
The two-headed ogre shouts in stereo!
You throw a boomerang. The boomerang hits the two-headed ogre.
The two-headed ogre is lightly wounded.
You barely miss the two-headed ogre.
The two-headed ogre is lightly wounded.
The kobold demonologist shouts!
The kobold demonologist mumbles some strange words.
The two-headed ogre hits you with a +0 giant club!!
The two-headed ogre hits you with a +0 giant club!
* * * LOW HITPOINT WARNING * * *
You slash the two-headed ogre!
The two-headed ogre is moderately wounded.
You slash the two-headed ogre! You headbutt the two-headed ogre!
The two-headed ogre is severely wounded.
An orc warrior comes into view. It is wielding a +0 long sword.
The two-headed ogre closely misses you. You block the two-headed ogre's attack.
You barely miss the two-headed ogre. You headbutt the two-headed ogre!
The two-headed ogre is almost dead.
Unknown command.
You hit the two-headed ogre.
The two-headed ogre is almost dead.
The two-headed ogre hits you with a +0 giant club!!
* * * LOW HITPOINT WARNING * * *
The two-headed ogre hits you with a +0 giant club!
You die... .#.# KKy

#.# #......# .+# W3C# #'.
#.+......# .# ##55 ##. #.
#.#.###. .# ##y .# #. #...##..
.## ## .# #. #.#..... ..## ##.#
.#. ##..##...# ...## #...# #.#
##......###
....###+###..#..###'###..#.### #
...............O@..........# #
.............#3..........########
........>.......#..........†.....
............###.###...#########.#
..........o.# #. #8...8########.#
♣.♣.........# #. ##...##........#
.♣♣.........# #. #...##........#
♣♣♣..###.#### .. ##...##......>.#
.........# ⌠...⌠#........#


You could see a two-headed ogre, a sixfirhy (summoned) and an orc warrior.

Vanquished Creatures
  3 trolls (D:7)
  Sigmund (D:5)
  2 wraiths (D:7)
  A steam dragon (D:7)
  3 ice beasts
  A black bear (D:6)
  An ogre (D:5)
  2 centaurs
  2 phantoms (D:7)
  3 kobold brigands (Sewer)
  2 bullfrogs
  A necrophage (D:6)
  4 scorpions
  4 wights (D:5)
  6 killer bees (D:7)
  2 howler monkeys
  9 hounds
  2 jellies (D:6)
  3 orc priests
  4 orc wizards
  Terence (D:2)
  5 iguanas
  4 gnolls
  12 adders
  6 river rats
  An ufetubus (D:5)
  4 worms
  A dart slug (D:1)
  14 orcs
  4 endoplasms
  6 giant cockroaches
  3 hobgoblins (D:1)
  8 jackals
  7 quokkas
  10 ball pythons
  3 bats
  10 frilled lizards
  5 goblins
  12 kobolds
  13 rats
185 creatures vanquished.

Vanquished Creatures (others)
  A human (D:3)
  2 fungi (D:3)
  19 plants
22 creatures vanquished.

Grand Total: 207 creatures vanquished

Notes
Turn   | Place    | Note
-------+----------+-------------------------------------------
     0 | D:1      | Icepheonix32 the Minotaur Fighter began the quest for the
                  | Orb.
     0 | D:1      | Reached XP level 1. HP: 19/19 MP: 0/0
   199 | D:1      | Reached XP level 2. HP: 27/27 MP: 1/1
   427 | D:1      | Reached XP level 3. HP: 33/33 MP: 2/2
   588 | D:2      | Found a faded altar of an unknown god.
   593 | D:2      | Found a bloodstained altar of Trog.
  1064 | D:2      | Reached XP level 4. HP: 38/41 MP: 3/3
  1090 | D:2      | Noticed Terence
  1107 | D:2      | Killed Terence
  1941 | D:3      | Found an ancient bone altar of Kikubaaqudgha.
  1945 | D:3      | Noticed a human
  1946 | D:3      | Found a runed translucent gate.
  1947 | D:3      | Killed a human
  1950 | D:3      | Found a runed translucent gate.
  1951 | D:3      | Found a runed translucent gate.
  1954 | D:3      | Noticed LordHaari's ghost (amateur MfTm)
  2056 | D:3      | Found a glowing drain.
  2063 | D:3      | Reached skill level 5 in Fighting
  2072 | Sewer    | Entered a sewer
  2097 | Sewer    | Reached XP level 5. HP: 48/48 MP: 4/4
  2118 | Sewer    | Reached skill level 5 in Armour
  2118 | Sewer    | Reached skill level 1 in Dodging
  2118 | Sewer    | Reached XP level 6. HP: 5/56 MP: 5/5
  2551 | Sewer    | Reached skill level 5 in Axes
  3696 | D:3      | Found a blossoming altar of Fedhas.
  3930 | D:4      | Found a staircase to the Ecumenical Temple.
  3969 | Temple   | Entered the Ecumenical Temple
  3969 | Temple   | Found a transporter.
  3969 | Temple   | Found a transporter.
  3971 | Temple   | Found a transporter.
  3971 | Temple   | Found a transporter.
  4457 | D:4      | Reached XP level 7. HP: 26/63 MP: 6/6
  4947 | D:5      | Entered Level 5 of the Dungeon
  5171 | D:5      | Noticed Sigmund
  5177 | D:5      | Killed Sigmund
  5275 | D:5      | Found a broken altar of Ashenzari.
  5317 | D:5      | Reached XP level 8. HP: 65/71 MP: 7/7
  5711 | D:5      | Found a transporter.
  5744 | D:5      | Found a transporter.
  5745 | D:5      | Noticed TheBeaver's ghost (weakling DsDe)
  6113 | D:6      | Reached skill level 1 in Long Blades
  6125 | D:6      | Reached skill level 5 in Shields
  6307 | D:6      | Found a radiant altar of Vehumet.
  6358 | D:6      | Reached XP level 9. HP: 68/80 MP: 8/8
  6585 | D:6      | Found a white marble altar of Elyvilon.
  6656 | D:6      | Found a sparkling altar of Nemelex Xobeh.
  7283 | D:7      | Noticed a troll
  7303 | D:7      | Killed a troll
  7304 | D:7      | Reached skill level 1 in Stealth
  7641 | D:7      | Reached skill level 5 in Long Blades
  7794 | D:7      | Noticed a troll
  7794 | D:7      | Noticed a two-headed ogre
  7794 | D:7      | Noticed a kobold demonologist
  7794 | D:7      | Noticed a kobold demonologist
  7795 | D:7      | Noticed a cyclops
  7798 | D:7      | Noticed a sixfirhy
  7803 | D:7      | Killed a troll
  8169 | D:7      | Noticed a troll
  8189 | D:7      | Killed a troll
  8312 | D:7      | Reached skill level 1 in Throwing
  8352 | D:7      | Reached XP level 10. HP: 71/90 MP: 9/9
  8475 | D:7      | Gained mutation: You expend magic power (3 MP) to
                  | strengthen your wands. [potion of mutation]
  8475 | D:7      | Gained mutation: You have hidden genetic defects. [potion
                  | of mutation]
  8476 | D:7      | Lost mutation: You have hidden genetic defects. [potion of
                  | mutation]
  8476 | D:7      | Lost mutation: You expend magic power (3 MP) to strengthen
                  | your wands. [potion of mutation]
  8476 | D:7      | Gained mutation: You have a pair of large horns on your
                  | head. [potion of mutation]
  8476 | D:7      | Gained mutation: Armour fits poorly on your strangely
                  | shaped body. [potion of mutation]
  8476 | D:7      | Gained mutation: You are robust. (+10% HP) [potion of
                  | mutation]
  8497 | D:7      | Noticed a sixfirhy
  8500 | D:7      | Mangled by a two-headed ogre

Illustrated notes

Levels and vault maps discovered:
D:1:      lightli_arrival_maybe_door_vault, layout_rooms, minmay_pentomino_x2
D:2:      layout_loops_corners, basic_altar,
          hellmonk_ecumenical_altar_crossroads, reono_crystal_passage,
          uniq_terence
D:3:      layout_basic, fedhas_altar_3, tgw_kikubaaqudgha,
          ebering_ghost_rock_garden, portal_sewer_entry_b, minmay_misc_feat_rows
D:4:      cheibrodos_quashed, layout_basic, minmay_temple_entry_steel_oval
D:5:      layout_loops_ring, kennysheep_mini, gammafunk_ghost_hive, uniq_sigmund
D:6:      layout_loops_cross, elyvilon_altar_1, general_overflow_altar,
          marbit_many_paths, kennysheep_pointless_box, nicolae_titane
D:7:      minmay_the_grid_octo_2x2 [minmay_the_grid_octo_checkered,
          minmay_the_grid_octo_toaster, minmay_the_grid_octo_pinwheel,
          minmay_the_grid_octo_prize_star], layout_basic, serial_corexii_hall,
          corexii_hall_statues_i, chequers_hall_statues_wall_a,
          corexii_hall_statues_x, corexii_hall_statues_l, chequers_garden
Temple:   hellmonk_temple_divided_pantheon

Skill      XL: |  1  2  3  4  5  6  7  8  9 10 |
---------------+-------------------------------+-----
Armour         | 4 5 6 8 |  8.2
Fighting       | 4 5 6 7 8 9 |  9.1
Axes           | 3 4 5 7 9 |  9.0
Shields        | 4 5 6 |  6.4
Dodging        | 1 3 4 |  4.2
Long Blades    | 3 6 |  6.3
Stealth        | 1 |  1.1
Throwing       | 2 |  2.2

Action                   |  1- 3 |  4- 6 |  7- 9 | 10-12 || total
-------------------------+-------+-------+-------+-------++-------
Melee: War axe           |   103 |   201 |    62 |       ||   366
       Headbutt          |    13 |    25 |    58 |     4 ||   100
       Long sword        |       |       |   179 |    26 ||   205
Throw: Boomerang         |       |     1 |    22 |     4 ||    27
  Use: Scroll            |       |    11 |     1 |     4 ||    16
       Potion            |       |     3 |     2 |     7 ||    12
Armor: Scale mail        |    56 |    81 |   173 |     9 ||   319
Dodge: Dodged            |    34 |    80 |   171 |    15 ||   300
Block: Buckler           |    19 |    46 |    80 |    12 ||   157
